3129 views
Uploaded 2020-04-06 02:20:11
Game version 1.32.3
19:20 long 4on4 ladder game on (8)MarketSquare
Saved by ChuckleMan
3129 views
Uploaded 2020-04-06 02:20:11
Game version 1.32.3
19:20 long 4on4 ladder game on (8)MarketSquare

123 units @ 17.4k
/ 2.9k
84 buildings @ 10.6k
/ 4.6k



| Rod of Necromancy | 1 | 150 |
| Orb of Corruption | 1 | 375 |
| Dust of Appearance | 1 | 75 |
| total: | 3 | 600g |
| Acolyte | 2 | 150 | / | 0 |
| Ghoul | 2 | 240 | / | 0 |
| Crypt Fiend | 10 | 2150 | / | 400 |
| Obsidian Statue | 2 | 400 | / | 70 |
| Abomination | 3 | 720 | / | 210 |
| total: | 19 | 3660g | / | 680w |
| Graveyard | 1 | 215 | / | 0 |
| Crypt | 1 | 200 | / | 50 |
| Altar of Darkness | 1 | 180 | / | 50 |
| Ziggurat | 10 | 1500 | / | 500 |
| Tomb of Relics | 1 | 130 | / | 30 |
| Slaughterhouse | 1 | 140 | / | 135 |
| Halls of the Dead | 1 | 320 | / | 210 |
| Black Citadel | 1 | 325 | / | 230 |
| total: | 15 | 2365g | / | 765w |
| 0:05 | Acolyte |
| 0:09 | Graveyard |
| 0:12 | Crypt |
| 0:17 | Acolyte |
| 0:41 | Altar of Darkness |
| 0:58 | Ziggurat |
| 1:17 | Ghoul |
| 1:23 | Tomb of Relics |
| 1:50 | Crypt Fiend |
| 2:00 | Ziggurat |
| 2:23 | Crypt Fiend |
| 2:47 | Death Coil |
| 2:48 | Rod of Necromancy |
| 2:59 | Crypt Fiend |
| 3:23 | Ziggurat |
| 3:53 | Halls of the Dead |
| 3:57 | Ghoul |
| 4:18 | Crypt Fiend |
| 4:49 | Unholy Aura |
| 4:54 | Crypt Fiend |
| 5:35 | Ziggurat |
| 6:37 | Slaughterhouse |
| 7:19 | Frost Nova |
| 7:23 | Web |
| 7:42 | Obsidian Statue |
| 7:45 | Crypt Fiend |
| 7:57 | Ziggurat |
| 8:09 | Black Citadel |
| 8:29 | Dust of Appearance |
| 8:37 | Obsidian Statue |
| 9:03 | Creature Attack |
| 9:37 | Crypt Fiend |
| 10:46 | Abomination |
| 10:48 | Abomination |
| 11:52 | Disease Cloud |
| 11:54 | Ziggurat |
| 12:22 | Orb of Corruption |
| 13:00 | Destroyer Form |
| 14:03 | Impale |
| 14:14 | Abomination |
| 14:28 | Improved Creature Attack |
| 16:10 | Death Coil |
| 16:21 | Ziggurat |
| 16:22 | Ziggurat |
| 16:23 | Ziggurat |
| 16:26 | Ziggurat |
| 17:38 | Unholy Aura |
| 17:50 | Crypt Fiend |
| 17:50 | Crypt Fiend |
| 17:50 | Crypt Fiend |
| Right click | 617 |
| Select group | 297 |
| Select | 250 |
| Build/train/purchase | 47 |
| Assign group | 19 |
| Use ability | 19 |
| Minimap ping | 2 |


| Scroll of Regeneration | 2 | 200 |
| Scroll of Town Portal | 1 | 350 |
| total: | 3 | 550g |
| Peasant | 15 | 1125 | / | 0 |
| Rifleman | 13 | 2665 | / | 390 |
| Mortar Team | 9 | 1620 | / | 630 |
| total: | 37 | 5410g | / | 1020w |
| Scout Tower | 13 | 390 | / | 260 |
| Arcane Tower | 2 | 140 | / | 100 |
| Guard Tower | 4 | 280 | / | 200 |
| Blacksmith | 1 | 140 | / | 60 |
| Farm | 12 | 960 | / | 240 |
| Barracks | 1 | 160 | / | 60 |
| Altar of Kings | 2 | 360 | / | 100 |
| Arcane Vault | 1 | 130 | / | 30 |
| Lumber Mill | 1 | 120 | / | 0 |
| Town Hall | 1 | 385 | / | 205 |
| Workshop | 2 | 280 | / | 280 |
| Keep | 1 | 320 | / | 210 |
| Castle | 1 | 360 | / | 210 |
| total: | 34 | 2925g | / | 1235w |
| 0:06 | Peasant |
| 0:06 | Peasant |
| 0:43 | Peasant |
| 0:46 | Blacksmith |
| 0:57 | Farm |
| 1:03 | Barracks |
| 1:11 | Peasant |
| 1:11 | Peasant |
| 1:19 | Altar of Kings |
| 1:29 | Altar of Kings |
| 1:38 | Peasant |
| 1:55 | Farm |
| 2:04 | Peasant |
| 2:04 | Peasant |
| 2:06 | Rifleman |
| 2:23 | Scout Tower |
| 2:36 | Peasant |
| 2:43 | Farm |
| 2:51 | Arcane Tower |
| 3:06 | Farm |
| 3:19 | Arcane Vault |
| 3:27 | Farm |
| 3:29 | Rifleman |
| 3:32 | Summon Water Elemental |
| 3:44 | Lumber Mill |
| 4:05 | Rifleman |
| 4:15 | Farm |
| 4:36 | Rifleman |
| 5:12 | Brilliance Aura |
| 5:22 | Rifleman |
| 5:30 | Rifleman |
| 5:33 | Scout Tower |
| 5:35 | Scout Tower |
| 5:39 | Scout Tower |
| 6:55 | Keep |
| 7:03 | Guard Tower |
| 7:04 | Guard Tower |
| 7:04 | Guard Tower |
| 7:06 | Scroll of Regeneration |
| 7:09 | Rifleman |
| 8:23 | Town Hall |
| 8:26 | Farm |
| 8:28 | Farm |
| 8:31 | Farm |
| 8:39 | Rifleman |
| 8:58 | Improved Masonry |
| 9:21 | Rifleman |
| 9:22 | Long Rifles |
| 9:57 | Summon Water Elemental |
| 10:17 | Peasant |
| 10:17 | Peasant |
| 10:26 | Castle |
| 10:29 | Improved Lumber Harvesting |
| 10:29 | Advanced Lumber Harvesting |
| 10:34 | Scout Tower |
| 10:38 | Scout Tower |
| 10:55 | Rifleman |
| 11:10 | Rifleman |
| 11:18 | Guard Tower |
| 11:21 | Peasant |
| 11:25 | Peasant |
| 11:52 | Rifleman |
| 12:02 | Scroll of Regeneration |
| 12:07 | Workshop |
| 12:13 | Workshop |
| 12:16 | Black Gunpowder |
| 12:31 | Rifleman |
| 12:41 | Mortar Team |
| 13:02 | Fragmentation Shards |
| 13:16 | Mortar Team |
| 13:31 | Mortar Team |
| 13:51 | Mortar Team |
| 14:09 | Mortar Team |
| 14:18 | Scroll of Town Portal |
| 14:32 | Farm |
| 14:36 | Farm |
| 14:38 | Farm |
| 15:40 | Flare |
| 15:40 | Mortar Team |
| 16:11 | Mortar Team |
| 16:13 | Mortar Team |
| 17:45 | Mortar Team |
| 18:17 | Scout Tower |
| 18:18 | Scout Tower |
| 18:19 | Scout Tower |
| 18:21 | Scout Tower |
| 18:23 | Scout Tower |
| 18:27 | Scout Tower |
| 18:30 | Scout Tower |
| 18:38 | Storm Bolt |
| 18:45 | Peasant |
| 18:45 | Peasant |
| Right click | 575 |
| Select | 347 |
| Select group | 192 |
| Build/train/purchase | 80 |
| Assign group | 22 |
| Minimap ping | 20 |
| Misc. action | 11 |
| Use ability | 7 |
| Remove unit | 6 |
| Chat | 4 |
| Item give/drop | 1 |


| Potion of Healing | 2 | 300 |
| Healing Salve | 1 | 100 |
| Orb of Lightning | 1 | 375 |
| Scroll of Town Portal | 3 | 1050 |
| total: | 7 | 1825g |
| Peon | 7 | 525 | / | 0 |
| Grunt | 6 | 1200 | / | 0 |
| Shaman | 4 | 520 | / | 80 |
| Troll Witch Doctor | 4 | 580 | / | 100 |
| Tauren | 1 | 280 | / | 80 |
| total: | 22 | 3105g | / | 260w |
| Watch Tower | 6 | 660 | / | 480 |
| Altar of Storms | 1 | 180 | / | 50 |
| Orc Burrow | 4 | 640 | / | 160 |
| Barracks | 1 | 180 | / | 50 |
| Voodoo Lounge | 1 | 130 | / | 30 |
| War Mill | 1 | 205 | / | 0 |
| Spirit Lodge | 2 | 300 | / | 300 |
| Tauren Totem | 1 | 135 | / | 155 |
| Stronghold | 1 | 315 | / | 190 |
| Fortress | 1 | 325 | / | 190 |
| total: | 17 | 2430g | / | 1225w |
| 0:02 | Peon |
| 0:02 | Peon |
| 0:05 | Altar of Storms |
| 0:16 | Orc Burrow |
| 0:25 | Peon |
| 0:39 | Barracks |
| 0:44 | Peon |
| 1:20 | Peon |
| 1:30 | Voodoo Lounge |
| 1:37 | Peon |
| 1:42 | Grunt |
| 1:56 | Orc Burrow |
| 2:00 | Peon |
| 2:09 | Feral Spirit |
| 2:52 | Grunt |
| 3:05 | Grunt |
| 3:22 | Stronghold |
| 3:27 | War Mill |
| 4:06 | Grunt |
| 4:10 | Chain Lighting |
| 4:22 | Grunt |
| 4:26 | Orc Burrow |
| 5:25 | Steel Armor |
| 5:28 | Grunt |
| 5:35 | Orc Burrow |
| 6:46 | Fortress |
| 7:16 | Potion of Healing |
| 7:20 | Scroll of Town Portal |
| 7:26 | Healing Salve |
| 8:02 | Spirit Lodge |
| 8:08 | Spirit Lodge |
| 8:39 | Healing Wave |
| 9:26 | Shaman Adept Training |
| 9:28 | Witch Doctor Adept Training |
| 9:31 | Reinforced Defenses |
| 9:33 | Watch Tower |
| 10:22 | Shaman |
| 10:23 | Troll Witch Doctor |
| 10:23 | Shaman |
| 10:30 | Shaman Master Training |
| 10:33 | Witch Doctor Master Training |
| 10:39 | Watch Tower |
| 10:49 | Watch Tower |
| 11:30 | Troll Witch Doctor |
| 11:53 | Shaman |
| 12:19 | Troll Witch Doctor |
| 12:21 | Tauren Totem |
| 12:47 | Scroll of Town Portal |
| 12:48 | Orb of Lightning |
| 13:12 | Potion of Healing |
| 14:26 | Pulverize |
| 14:27 | Tauren |
| 15:30 | Scroll of Town Portal |
| 16:10 | Shaman |
| 16:10 | Troll Witch Doctor |
| 16:18 | Hex |
| 16:52 | Watch Tower |
| 18:11 | Watch Tower |
| 18:15 | Watch Tower |
| 18:38 | Feral Spirit |
| 18:41 | Healing Wave |
| Right click | 564 |
| Select | 219 |
| Select group | 167 |
| Build/train/purchase | 61 |
| Assign group | 56 |
| Misc. action | 26 |
| Use ability | 22 |
| Minimap ping | 7 |
| Remove unit | 1 |

| Orb of Venom | 1 | 325 |
| Scroll of Town Portal | 1 | 350 |
| total: | 2 | 675g |
| Wisp | 17 | 1020 | / | 0 |
| Archer | 9 | 1170 | / | 90 |
| Glaive Thrower | 3 | 630 | / | 195 |
| Dryad | 9 | 1305 | / | 540 |
| Hippogryph | 7 | 1120 | / | 140 |
| total: | 45 | 5245g | / | 965w |
| Ancient Protector | 3 | 405 | / | 240 |
| Altar of Elders | 1 | 180 | / | 50 |
| Moon Well | 7 | 1260 | / | 280 |
| Ancient of War | 1 | 150 | / | 60 |
| Hunter's Hall | 1 | 210 | / | 100 |
| Ancient of Wonders | 1 | 90 | / | 30 |
| Ancient of Lore | 2 | 310 | / | 290 |
| Ancient of Wind | 1 | 150 | / | 140 |
| Chimaera Roost | 1 | 140 | / | 190 |
| Tree of Ages | 1 | 320 | / | 180 |
| Tree of Eternity | 1 | 330 | / | 200 |
| total: | 18 | 2895g | / | 1380w |
| 0:01 | Wisp |
| 0:02 | Wisp |
| 0:02 | Wisp |
| 0:02 | Wisp |
| 0:08 | Altar of Elders |
| 0:19 | Moon Well |
| 0:25 | Wisp |
| 0:51 | Ancient of War |
| 0:56 | Wisp |
| 0:57 | Wisp |
| 1:20 | Moon Well |
| 1:24 | Wisp |
| 1:53 | Wisp |
| 1:54 | Wisp |
| 1:56 | Archer |
| 1:56 | Archer |
| 2:05 | Archer |
| 2:20 | Immolation |
| 2:22 | Moon Well |
| 2:26 | Wisp |
| 2:26 | Wisp |
| 3:07 | Archer |
| 3:07 | Archer |
| 3:22 | Moon Well |
| 3:25 | Wisp |
| 3:25 | Wisp |
| 4:09 | Evasion |
| 4:29 | Tree of Ages |
| 4:31 | Archer |
| 4:31 | Archer |
| 4:35 | Hunter's Hall |
| 5:05 | Archer |
| 5:28 | Archer |
| 7:17 | Ultravision |
| 7:18 | Tree of Eternity |
| 7:23 | Ancient of Lore |
| 7:28 | Ancient of Lore |
| 7:58 | Glaive Thrower |
| 7:59 | Glaive Thrower |
| 8:10 | Evasion |
| 8:29 | Reinforced Hides |
| 8:29 | Strength of the Wild |
| 8:39 | Ancient of Wonders |
| 8:44 | Dryad |
| 8:45 | Dryad |
| 8:46 | Abolish Magic |
| 8:47 | Dryad |
| 10:37 | Glaive Thrower |
| 10:41 | Dryad |
| 10:41 | Dryad |
| 10:42 | Dryad |
| 10:48 | Ancient of Wind |
| 11:13 | Ancient Protector |
| 11:15 | Ancient Protector |
| 11:16 | Wisp |
| 11:16 | Wisp |
| 12:18 | Dryad |
| 12:19 | Dryad |
| 12:41 | Ancient Protector |
| 13:05 | Wisp |
| 13:29 | Scroll of Town Portal |
| 13:36 | Orb of Venom |
| 14:24 | Moon Well |
| 14:24 | Moon Well |
| 14:25 | Moon Well |
| 14:31 | Improved Strength of the Wild |
| 14:31 | Advanced Strength of the Wild |
| 15:36 | Mana Burn |
| 15:50 | Hippogryph |
| 15:50 | Hippogryph |
| 15:50 | Hippogryph |
| 15:50 | Hippogryph |
| 15:50 | Hippogryph |
| 16:45 | Dryad |
| 17:32 | Mana Burn |
| 17:49 | Chimaera Roost |
| 17:51 | Hippogryph |
| 18:10 | Hippogryph |
| Right click | 959 |
| Select | 305 |
| Build/train/purchase | 81 |
| Misc. action | 16 |
| Use ability | 14 |
| Minimap ping | 7 |
| Assign group | 4 |
| Select group | 1 |
148 units @ 22.3k
/ 3.5k
97 buildings @ 13.2k
/ 6.5k
| Scroll of Town Portal | 1 | 350 |
| total: | 1 | 350g |
| Wisp | 14 | 840 | / | 0 |
| Mountain Giant | 9 | 3150 | / | 900 |
| Chimaera | 7 | 2310 | / | 490 |
| total: | 30 | 6300g | / | 1390w |
| Ancient Protector | 4 | 540 | / | 320 |
| Altar of Elders | 1 | 180 | / | 50 |
| Moon Well | 6 | 1080 | / | 240 |
| Hunter's Hall | 1 | 210 | / | 100 |
| Ancient of Wonders | 1 | 90 | / | 30 |
| Ancient of Lore | 1 | 155 | / | 145 |
| Chimaera Roost | 1 | 140 | / | 190 |
| Tree of Ages | 1 | 320 | / | 180 |
| Tree of Eternity | 1 | 330 | / | 200 |
| total: | 15 | 2395g | / | 1075w |
| 0:09 | Wisp |
| 0:09 | Wisp |
| 0:14 | Altar of Elders |
| 0:23 | Moon Well |
| 0:35 | Wisp |
| 0:43 | Wisp |
| 0:54 | Wisp |
| 1:09 | Wisp |
| 1:40 | Moon Well |
| 1:53 | Tree of Ages |
| 2:30 | Hunter's Hall |
| 3:42 | Ancient Protector |
| 4:16 | Wisp |
| 4:17 | Wisp |
| 4:22 | Wisp |
| 4:59 | Tree of Eternity |
| 5:09 | Ancient of Lore |
| 5:19 | Ancient of Wonders |
| 5:37 | Moon Well |
| 7:08 | Mountain Giant |
| 7:09 | Mountain Giant |
| 7:21 | Wisp |
| 7:21 | Wisp |
| 7:22 | Wisp |
| 7:32 | Chimaera Roost |
| 7:55 | Scroll of Town Portal |
| 8:34 | Wisp |
| 8:35 | Wisp |
| 8:44 | Resistant Skin |
| 8:45 | Mountain Giant |
| 8:46 | Hardened Skin |
| 8:59 | Chimaera |
| 9:06 | Moon Well |
| 10:44 | Chimaera |
| 10:44 | Chimaera |
| 10:45 | Corrosive Breath |
| 10:49 | Mountain Giant |
| 10:49 | Mountain Giant |
| 11:41 | Moon Well |
| 12:17 | Ancient Protector |
| 12:46 | Moon Well |
| 16:23 | Mountain Giant |
| 16:23 | Mountain Giant |
| 16:26 | Chimaera |
| 16:26 | Chimaera |
| 16:26 | Chimaera |
| 16:27 | Chimaera |
| 16:48 | Ancient Protector |
| 18:04 | Ancient Protector |
| 18:38 | Mountain Giant |
| 18:38 | Mountain Giant |
| Right click | 149 |
| Select | 116 |
| Build/train/purchase | 39 |
| Misc. action | 18 |
| Minimap ping | 9 |
| Use ability | 2 |

| Lesser Clarity Potion | 4 | 280 |
| Healing Salve | 2 | 200 |
| Circlet of Nobility | 1 | 175 |
| Orb of Venom | 1 | 325 |
| total: | 8 | 980g |
| Peon | 22 | 1650 | / | 0 |
| Troll Batrider | 9 | 1440 | / | 360 |
| total: | 31 | 3090g | / | 360w |
| Watch Tower | 19 | 2090 | / | 1520 |
| Altar of Storms | 1 | 180 | / | 50 |
| Orc Burrow | 8 | 1280 | / | 320 |
| War Mill | 1 | 205 | / | 0 |
| Voodoo Lounge | 1 | 130 | / | 30 |
| Great Hall | 1 | 385 | / | 185 |
| Beastiary | 3 | 435 | / | 420 |
| Stronghold | 1 | 315 | / | 190 |
| Fortress | 1 | 325 | / | 190 |
| total: | 34 | 4705g | / | 2525w |
| 0:06 | Peon |
| 0:06 | Peon |
| 0:12 | Altar of Storms |
| 0:14 | Orc Burrow |
| 0:23 | Peon |
| 0:44 | War Mill |
| 0:53 | Peon |
| 1:08 | Voodoo Lounge |
| 1:15 | Peon |
| 1:20 | Peon |
| 1:37 | Orc Burrow |
| 1:44 | Peon |
| 1:52 | Peon |
| 2:09 | Wind Walk |
| 2:10 | Peon |
| 2:12 | Lesser Clarity Potion |
| 2:12 | Lesser Clarity Potion |
| 2:12 | Healing Salve |
| 2:15 | Healing Salve |
| 2:29 | Peon |
| 2:35 | Watch Tower |
| 2:50 | Peon |
| 3:08 | Circlet of Nobility |
| 3:24 | Peon |
| 3:27 | Watch Tower |
| 3:27 | Watch Tower |
| 3:44 | Watch Tower |
| 3:54 | Watch Tower |
| 4:22 | Watch Tower |
| 4:29 | Stronghold |
| 4:51 | Watch Tower |
| 4:54 | Watch Tower |
| 5:17 | Critical Strike |
| 5:23 | Watch Tower |
| 5:24 | Watch Tower |
| 5:31 | Watch Tower |
| 6:56 | Watch Tower |
| 6:57 | Watch Tower |
| 7:20 | Lesser Clarity Potion |
| 7:22 | Lesser Clarity Potion |
| 7:43 | Orc Burrow |
| 7:46 | Orc Burrow |
| 8:11 | Wind Walk |
| 8:35 | Peon |
| 8:35 | Peon |
| 8:35 | Peon |
| 8:35 | Peon |
| 8:36 | Peon |
| 8:36 | Peon |
| 9:13 | Great Hall |
| 9:21 | Orc Burrow |
| 10:17 | Orb of Venom |
| 10:22 | Fortress |
| 10:29 | Critical Strike |
| 10:40 | Reinforced Defenses |
| 11:04 | Beastiary |
| 11:26 | Beastiary |
| 11:54 | Peon |
| 11:54 | Peon |
| 11:54 | Peon |
| 11:56 | Beastiary |
| 11:58 | Orc Burrow |
| 12:40 | Troll Batrider |
| 12:47 | Orc Burrow |
| 12:47 | Orc Burrow |
| 13:17 | Wind Walk |
| 13:22 | Troll Batrider |
| 13:51 | Troll Batrider |
| 13:57 | Watch Tower |
| 13:57 | Watch Tower |
| 14:21 | Troll Batrider |
| 14:44 | Troll Batrider |
| 15:35 | Bladestorm |
| 15:59 | Troll Batrider |
| 15:59 | Troll Batrider |
| 16:27 | Watch Tower |
| 16:27 | Watch Tower |
| 16:29 | Watch Tower |
| 16:31 | Peon |
| 16:34 | Watch Tower |
| 17:17 | Liquid Fire |
| 18:23 | Critical Strike |
| 18:30 | Troll Batrider |
| 18:30 | Troll Batrider |
| 19:00 | Mirror Image |
| Right click | 987 |
| Chat | 401 |
| Select group | 257 |
| Select | 127 |
| Build/train/purchase | 124 |
| Assign group | 49 |
| Misc. action | 25 |
| Use ability | 20 |
| Minimap ping | 12 |
| Item give/drop | 6 |
| Esc | 2 |

| Healing Salve | 2 | 200 |
| Scroll of Town Portal | 3 | 1050 |
| total: | 5 | 1250g |
| Peon | 20 | 1500 | / | 0 |
| Grunt | 6 | 1200 | / | 0 |
| Troll Headhunter | 7 | 980 | / | 140 |
| Raider | 3 | 540 | / | 120 |
| Tauren | 6 | 1680 | / | 480 |
| Shaman | 5 | 650 | / | 100 |
| Wind Rider | 1 | 265 | / | 40 |
| total: | 48 | 6815g | / | 880w |
| Watch Tower | 6 | 660 | / | 480 |
| Altar of Storms | 1 | 180 | / | 50 |
| Orc Burrow | 8 | 1280 | / | 320 |
| Barracks | 1 | 180 | / | 50 |
| Voodoo Lounge | 1 | 130 | / | 30 |
| War Mill | 1 | 205 | / | 0 |
| Great Hall | 1 | 385 | / | 185 |
| Beastiary | 1 | 145 | / | 140 |
| Tauren Totem | 2 | 270 | / | 310 |
| Spirit Lodge | 1 | 150 | / | 150 |
| Stronghold | 1 | 315 | / | 190 |
| Fortress | 1 | 325 | / | 190 |
| total: | 23 | 3585g | / | 1715w |
| 0:01 | Peon |
| 0:07 | Altar of Storms |
| 0:15 | Peon |
| 0:18 | Orc Burrow |
| 0:32 | Peon |
| 0:45 | Peon |
| 0:50 | Barracks |
| 1:00 | Peon |
| 1:13 | Peon |
| 1:31 | Orc Burrow |
| 1:54 | Grunt |
| 1:58 | Voodoo Lounge |
| 2:05 | Peon |
| 2:10 | War Stomp |
| 2:22 | Grunt |
| 2:28 | Peon |
| 2:55 | Stronghold |
| 3:15 | Grunt |
| 3:15 | Grunt |
| 3:30 | Orc Burrow |
| 3:55 | Grunt |
| 4:17 | War Mill |
| 4:21 | Endurance Aura |
| 4:36 | Orc Burrow |
| 4:56 | Healing Salve |
| 5:25 | Beastiary |
| 5:30 | Troll Headhunter |
| 5:52 | Troll Headhunter |
| 6:31 | Troll Headhunter |
| 6:31 | Raider |
| 6:49 | Raider |
| 6:49 | Troll Headhunter |
| 6:52 | Steel Armor |
| 7:15 | Troll Headhunter |
| 7:20 | Orc Burrow |
| 7:53 | Troll Headhunter |
| 8:08 | Troll Headhunter |
| 8:27 | War Stomp |
| 8:45 | Great Hall |
| 9:04 | Berserker Strength |
| 9:26 | Tauren Totem |
| 9:27 | Tauren Totem |
| 10:05 | Grunt |
| 10:06 | Raider |
| 10:10 | Endurance Aura |
| 10:30 | Spirit Lodge |
| 10:46 | Scroll of Town Portal |
| 10:46 | Scroll of Town Portal |
| 11:23 | Fortress |
| 12:02 | Shaman Adept Training |
| 12:04 | Peon |
| 12:04 | Peon |
| 12:04 | Peon |
| 12:04 | Peon |
| 12:11 | Orc Burrow |
| 12:13 | Steel Melee Weapons |
| 12:52 | Thorium Armor |
| 13:08 | Peon |
| 13:22 | Orc Burrow |
| 13:24 | Orc Burrow |
| 13:30 | Watch Tower |
| 13:31 | Peon |
| 13:49 | Watch Tower |
| 13:50 | Peon |
| 13:57 | Pulverize |
| 13:58 | Tauren |
| 13:59 | Shaman Master Training |
| 14:07 | Watch Tower |
| 14:27 | Peon |
| 14:27 | Peon |
| 14:27 | Peon |
| 14:58 | Peon |
| 14:58 | Peon |
| 15:37 | Healing Salve |
| 15:45 | Tauren |
| 15:47 | Shaman |
| 15:52 | Wind Rider |
| 16:01 | Scroll of Town Portal |
| 16:11 | Thorium Melee Weapons |
| 16:16 | Watch Tower |
| 16:20 | Watch Tower |
| 16:22 | Watch Tower |
| 16:38 | Tauren |
| 16:50 | Reinforced Defenses |
| 17:10 | Tauren |
| 17:25 | War Stomp |
| 17:55 | Tauren |
| 17:55 | Tauren |
| 17:57 | Shaman |
| 17:58 | Shaman |
| 18:19 | Shaman |
| 18:53 | Reincarnation |
| 18:55 | Shaman |
| Select group | 1385 |
| Right click | 563 |
| Select | 303 |
| Build/train/purchase | 106 |
| Misc. action | 96 |
| Assign group | 36 |
| Use ability | 8 |
| Minimap ping | 1 |


| Scroll of Regeneration | 1 | 100 |
| total: | 1 | 100g |
| Peasant | 10 | 750 | / | 0 |
| Footman | 6 | 810 | / | 0 |
| Rifleman | 16 | 3280 | / | 480 |
| Flying Machine | 1 | 100 | / | 30 |
| Mortar Team | 4 | 720 | / | 280 |
| Siege Engine | 1 | 195 | / | 60 |
| Knight | 1 | 245 | / | 60 |
| total: | 39 | 6100g | / | 910w |
| Scout Tower | 6 | 180 | / | 120 |
| Guard Tower | 4 | 280 | / | 200 |
| Arcane Tower | 1 | 70 | / | 50 |
| Altar of Kings | 1 | 180 | / | 50 |
| Farm | 10 | 800 | / | 200 |
| Barracks | 1 | 160 | / | 60 |
| Lumber Mill | 1 | 120 | / | 0 |
| Arcane Vault | 1 | 130 | / | 30 |
| Blacksmith | 1 | 140 | / | 60 |
| Town Hall | 1 | 385 | / | 205 |
| Workshop | 2 | 280 | / | 280 |
| Gryphon Aviary | 1 | 140 | / | 150 |
| Keep | 1 | 320 | / | 210 |
| Castle | 1 | 360 | / | 210 |
| total: | 25 | 2515g | / | 1155w |
| 0:06 | Altar of Kings |
| 0:11 | Farm |
| 0:12 | Peasant |
| 0:13 | Peasant |
| 0:30 | Barracks |
| 0:34 | Peasant |
| 1:07 | Lumber Mill |
| 1:41 | Peasant |
| 1:42 | Peasant |
| 1:47 | Footman |
| 1:48 | Footman |
| 2:05 | Arcane Vault |
| 2:15 | Farm |
| 2:17 | Farm |
| 2:28 | Banish |
| 3:07 | Footman |
| 3:48 | Footman |
| 3:51 | Farm |
| 3:54 | Scout Tower |
| 3:56 | Peasant |
| 3:56 | Peasant |
| 3:57 | Peasant |
| 4:00 | Footman |
| 4:05 | Blacksmith |
| 4:41 | Siphon Mana |
| 5:05 | Guard Tower |
| 5:08 | Peasant |
| 5:08 | Peasant |
| 5:14 | Farm |
| 5:23 | Scroll of Regeneration |
| 5:38 | Footman |
| 6:15 | Rifleman |
| 6:16 | Rifleman |
| 7:19 | Rifleman |
| 7:19 | Rifleman |
| 7:19 | Keep |
| 7:23 | Farm |
| 7:28 | Black Gunpowder |
| 7:50 | Rifleman |
| 7:55 | Scout Tower |
| 7:56 | Scout Tower |
| 8:00 | Farm |
| 8:39 | Rifleman |
| 8:45 | Arcane Tower |
| 8:48 | Guard Tower |
| 8:51 | Rifleman |
| 9:12 | Flame Strike |
| 9:37 | Rifleman |
| 9:44 | Workshop |
| 10:33 | Siphon Mana |
| 10:46 | Rifleman |
| 10:46 | Rifleman |
| 10:53 | Farm |
| 10:53 | Farm |
| 10:54 | Farm |
| 10:59 | Scout Tower |
| 11:00 | Scout Tower |
| 11:00 | Scout Tower |
| 11:03 | Castle |
| 11:05 | Flying Machine |
| 11:07 | Mortar Team |
| 11:08 | Mortar Team |
| 11:32 | Refined Gunpowder |
| 11:54 | Mortar Team |
| 11:56 | Guard Tower |
| 12:36 | Guard Tower |
| 12:39 | Workshop |
| 13:57 | Imbued Gunpowder |
| 15:33 | Flame Strike |
| 15:44 | Storm Bolt |
| 16:01 | Rifleman |
| 16:01 | Rifleman |
| 16:01 | Rifleman |
| 16:05 | Mortar Team |
| 16:06 | Siege Engine |
| 16:40 | Town Hall |
| 17:02 | Knight |
| 18:07 | Rifleman |
| 18:07 | Rifleman |
| 18:56 | Rifleman |
| 19:12 | Gryphon Aviary |
| Right click | 719 |
| Select | 255 |
| Chat | 113 |
| Build/train/purchase | 59 |
| Use ability | 22 |
| Assign group | 2 |
| Remove unit | 2 |
| Minimap ping | 2 |
⇛